 Dungeon Sprint DCSS version 0.21.1-1-g345015f (webtiles) character file.

24611 wilfster70 the Severer (level 13, -1/132 HPs)
             Began as a Hill Orc Monk on June 15, 2018.
             Was the Champion of Okawaru.
             Killed from afar by a ynoxinul (3 damage)
             ... with an iron shot
             ... while paralysed by Plog
             ... in the Dungeon (Sprint V: "Ziggurat Sprint").
             The game lasted 00:14:42 (1476 turns).

wilfster70 the Severer (Hill Orc Monk)              Turns: 1476, Time: 00:14:43

Health: -1/132     AC: 37    Str: 25    XL:     13   Next: 14%
Magic:  10/24      EV:  2    Int: 15    God:    Okawaru [******]
Gold:   0          SH:  0    Dex: 13    Spells: 12/12 levels left

rFire    + + .     SeeInvis +   a - +14 obsidian axe {chop, +Fly SInv *Curse} (curse)
rCold    + . .     Gourm    .   z - +2 shield {AC+3}
rNeg     . . .     Faith    .   D - +5 gold dragon scales
rPois    +         Spirit   .   L - +0 helmet {Int+3}
rElec    .         Reflect  .   (no cloak)
rCorr    .         Harm     .   (no gloves)
MR       .....     NoTele   +   F - +2 pair of boots {run}
Stlth    ..........             (no amulet)
HPRegen  0.32/turn              B - +6 ring of strength
MPRegen  0.19/turn              x - ring of Zoyma {Wiz rF+ Int+2 Slay+3 Stlth+}

@: paralysed, heroism, finesse, mesmerised, silenced, quick
A: no striking features
a: Renounce Religion, Evoke Flight


You were in the Dungeon.
You worshipped Okawaru.
Okawaru was exalted by your worship.
You were not hungry.

You visited 1 branch

Inventory:

Hand Weapons
 a - the cursed +14 obsidian axe (weapon) {chop, +Fly SInv *Curse}
   (You found it in the Dungeon)

   It inflicts extra damage upon your enemies.
   It lets you see invisible.
   It lets you fly.
   It curses itself when equipped.
   It has a curse placed upon it.
Armour
 z - a +2 shield of protection (worn)
 D - +5 gold dragon scales (worn)
 E - a +3 large shield
 F - a +2 pair of boots of running (worn)
 L - a +0 helmet of intelligence (worn)
Jewellery
 x - the ring of Zoyma (right hand) {Wiz rF+ Int+2 Slay+3 Stlth+}
   (You acquired it in the Dungeon)

   [ring of wizardry]

   It improves your spell success rate.
   It affects your intelligence (+2).
   It affects your accuracy and damage with ranged weapons and melee attacks
   (+3).
   It protects you from fire.
   It makes you more stealthy.
 y - the amulet "Zoqorgh Buoje" {Inacc rElec MR+ Str+3}
   (You found it in the Dungeon)

   [amulet of inaccuracy]

   It reduces the accuracy of all your attacks.
   It affects your strength (+3).
   It insulates you from electricity.
   It affects your resistance to hostile enchantments.
 B - a +6 ring of strength (left hand)
 C - the ring of Tender Moments {+Inv rElec MR+ Str+4 Dex-3}
   (You took it off a vampire mage in the Dungeon)

   [ring of protection from magic]

   It affects your strength (+4).
   It affects your dexterity (-3).
   It insulates you from electricity.
   It affects your resistance to hostile enchantments.
   It lets you turn invisible.
 J - the ring "Faicaemn" {rPois rF+ EV+1}
   (You found it in the Dungeon)

   [ring of evasion]

   It affects your evasion (+1).
   It protects you from fire.
   It protects you from poison.
Wands
 m - a wand of disintegration (7)
 v - a wand of iceblast (7)
 w - a wand of acid (7)
Scrolls
 i - 4 scrolls of blinking
 p - 4 scrolls of amnesia
 q - 7 scrolls of fog
 r - a scroll of holy word
 s - 4 scrolls of identify
 t - 5 scrolls of remove curse
 u - 2 scrolls of fear
 A - 2 scrolls of brand weapon
Potions
 d - 10 potions of curing
 e - 8 potions of heal wounds
 f - 6 potions of haste
 g - 7 potions of magic
 h - 3 potions of berserk rage
 j - 2 potions of brilliance
 k - 2 potions of invisibility
 l - 4 potions of resistance
 n - 5 potions of agility
 o - 5 potions of might
Books
 b - the Reference Book on Displaced Envenoming
   (You found it in the Dungeon)

   Spells                             Type                      Level
   a - Mephitic Cloud                 Conjuration/Poison/Air       3
   b - Portal Projectile              Hexes/Translocation          3
   c - Teleport Other                 Translocation                3
   d - Spider Form                    Transmutation/Poison         3
 G - a book of Debilitation

   Spells                             Type                      Level
   a - Corona                         Hexes                        1
   b - Slow                           Hexes                        2
   c - Inner Flame                    Hexes/Fire                   3
   d - Portal Projectile              Hexes/Translocation          3
   e - Cause Fear                     Hexes                        4
   f - Leda's Liquefaction            Hexes/Earth                  4
 I - the Papyrus of the Compass and Dark Secrets
   (You found it in the Dungeon)

   Spells                             Type                      Level
   a - Apportation                    Translocation                1
   b - Blink                          Translocation                2
   c - Regeneration                   Charms/Necromancy            3
   d - Vampiric Draining              Necromancy                   3
   e - Force Lance                    Conjuration/Translocation    4
   f - Bolt of Draining               Conjuration/Necromancy       5
Comestibles
 c - 6 rations


   Skills:
 + Level 17.2(22.2) Fighting
 - Level 18.0(23.0) Axes
 + Level 15.6(20.6) Armour
 + Level 12.7(17.7) Dodging
 - Level 1.5(6.5) Stealth
 + Level 13.7(18.7) Shields
 - Level 15.0 Invocations


You had 12 spell levels left.
You didn't know any spells.

Dungeon Overview and Level Annotations

Branches:
Dungeon (1/1)

Altars:
Ashenzari
Cheibriados
Dithmenos
Elyvilon
Fedhas
Gozag
Hepliaklqana
Kikubaaqudgha
Makhleb
Nemelex Xobeh
Okawaru
Qazlal
Ru
Sif Muna
Trog
Uskayaw
Vehumet
Wu Jian
Xom
Yredelemnul
Zin
The Shining One
Beogh
Jiyva
Lugonu

Annotations:
D 1 transporter


Message History

Your ynoxinul gestures.
Jotrushra is engulfed in blazing flames.
Jotrushra gestures.
Jotrushra's surroundings become eerily quiet.
The hellwing swoops through the air toward you!
The hellwing hits you but does no damage.
The hellwing barely misses you.
The Hell Sentinel hits you but does no damage. x2
Your neqoxec hits the Hell Sentinel but does no damage.
Visions of slaying Plog flood into your mind.
Plog hits you!
* * * LOW HITPOINT WARNING * * *
Zicir hits you but does no damage.
Jotrushra is engulfed in blazing flames.
Jotrushra hits your neqoxec!!
Yddocoik gestures.
Yddocoik's surroundings become eerily quiet.
The ynoxinul gestures at you.
Helpless, you fail to dodge the iron shot.
You die...

▓▓▓▓▓▓▓▓▓▓
▓.....8©8.....▓....8©8..
▓..:[}|)=)[...▓..:}[|):|
▓...&)}:[)[...▓.):})|:")
▓.......g.s...▓.........
▓....2.4..2...▓...).....
▓....12b32....▓...).....
▓...v&1&&b....▓....)....
▓.....3@3§....▓..▓.[...▓
▓..▓....4.v▓..▓.▓▓▓...▓▓
▓ ▓.▓3...§▓.▓ ▓..▓.....▓
▓..▓..5.§..▓..▓.....©...
▓..55....v....▓▓▓▓▓▓▓▓▓▓
▓......©......▓....8©8..
▓▓▓▓▓▓▓▓▓▓▓▓▓▓▓..[):|)):
▓...:):})[ ▓.........


You could see Jotrushra, Plog, Yddocoik, Zicir, a Hell Sentinel, a cacodemon, an
Executioner, a blizzard demon, a shadow demon, a hellwing, a sixfirhy, a
tormentor, a ynoxinul, a chaos spawn, 3 fire vortices, a giant cockroach, a
hobgoblin, 2 bats, a friendly neqoxec, a friendly ynoxinul and 3 friendly
ufetubi.

Vanquished Creatures
  A lich (D)
  A tentacled starspawn (D)
  A reaper (D)
  A vampire knight (D)
  A deep elf annihilator (D)
  A deep elf high priest (D)
  2 dancing weapons (D)
  A vampire mage (D)
  2 hell hogs (D)
  A sun demon (D)
  2 skeletal warriors (D)
  2 deep elf archers (D)
  A wolf spider (D)
  An orc sorcerer (D)
  A deep elf mage (D)
  2 black mambas (D)
  3 naga magi (D)
  2 rust devils (D)
  A toenail golem (D)
  A spiny frog (D)
  2 guardian serpents (D)
  An efreet (D)
  A red devil (D)
  A jumping spider (D)
  A redback (D)
  A flying skull (D)
  3 shadows (D)
  A tarantella (D)
  A fire elemental (D)
  A yak (D)
  A golden eye (D)
  A chaos spawn (D)
  A basilisk (D)
  3 nagas (D)
  2 water moccasins (D)
  A hell hound (D)
  2 wolves (D)
  A crocodile (D)
  2 bullfrogs (D)
  2 scorpions (D)
  4 wights (D)
  A crimson imp (D)
  A jelly (D)
  2 iguanas (D)
  2 iron imps (D)
  A mummy (D)
  An adder (D)
  3 river rats (D)
  A white imp (D)
  An ufetubus (D)
  2 oozes (D)
  4 adder zombies (D)
  2 adder skeletons (D)
  3 ball pythons (D)
  A bat skeleton (D)
  A giant cockroach zombie (D)
  A jackal skeleton (D)
  A jackal zombie (D)
  2 leopard gecko zombies (D)
  A quokka zombie (D)
  3 fire vortices (D)
  A starspawn tentacle (D)
96 creatures vanquished.

Vanquished Creatures (collateral kills)
  A deep elf sorcerer (D)
  A reaper (D)
  A naga warrior (D)
  A deep elf mage (D)
  2 toenail golems (D)
  A hellion (D)
  A tormentor (D)
  A demonic crawler (D)
  A spriggan (D)
  2 yaks (D)
  2 nagas (D)
  A hell hound (D)
  A porcupine (D)
  A wight (D)
  An iguana (D)
  A river rat (D)
  A bat skeleton (D)
  2 fire vortices (D)
22 creatures vanquished.

Vanquished Creatures (others)
  3 starspawn tentacles (D)
3 creatures vanquished.

Grand Total: 121 creatures vanquished

Notes
Turn   | Place    | Note
-------+----------+-------------------------------------------
     0 | D        | Found the +6 Majin-Bo {vamp, Archmagi MP+6 Int+6}
     0 | D        | Found the +7 great mace "Firestarter" {inner flame, rF++}
     0 | D        | wilfster70 the Hill Orc Monk began the quest for the Orb.
     0 | D        | Reached XP level 1. HP: 19/19 MP: 1/1
     2 | D        | Found a deep blue altar of Sif Muna.
     2 | D        | Found a sacrificial altar of Ru.
     2 | D        | Found a bloodstained altar of Trog.
     2 | D        | Found a stormy altar of Qazlal.
     2 | D        | Found an iron altar of Okawaru.
     2 | D        | Found a sparkling altar of Nemelex Xobeh.
     2 | D        | Found a blossoming altar of Fedhas.
     4 | D        | Found a transporter.
     4 | D        | Found an ancient bone altar of Kikubaaqudgha.
     4 | D        | Found a viscous altar of Jiyva.
     4 | D        | Found a corrupted altar of Lugonu.
     4 | D        | Found a hazy altar of Hepliaklqana.
     4 | D        | Found a burning altar of Makhleb.
     4 | D        | Found an opulent altar of Gozag.
    10 | D        | Reached skill level 5 in Fighting
    10 | D        | Reached skill level 7 in Axes
    10 | D        | Reached XP level 2. HP: 29/29 MP: 2/2
    51 | D        | Found the +9 heavy crossbow "Sniper" {velocity, Acc+∞ SInv}
    51 | D        | Found the +10 dark maul {crush}
    51 | D        | Found the +15 Maxwell's patent armour {-Cast -Tele rElec MR+ rCorr}
    51 | D        | Found the +18 shield of the Gong {rElec rN+ MR+ EV-5}
    51 | D        | Found the cursed +14 obsidian axe {chop, +Fly SInv *Curse}
    70 | D        | Became a worshipper of Warmaster Okawaru
    70 | D        | Reached * piety under Okawaru
    70 | D        | Reached ** piety under Okawaru
    78 | D        | Entered arena 2.
    78 | D        | Noticed a wolf
    78 | D        | Noticed a spriggan
    78 | D        | Found a transporter.
    79 | D        | Killed a wolf
    79 | D        | Reached skill level 8 in Axes
    79 | D        | Reached XP level 3. HP: 38/38 MP: 3/3
    79 | D        | Reached XP level 4. HP: 45/45 MP: 4/4
    82 | D        | Killed a spriggan
    82 | D        | Reached skill level 10 in Axes
    82 | D        | Reached skill level 5 in Dodging
    82 | D        | Reached XP level 5. HP: 53/53 MP: 5/5
    82 | D        | Reached XP level 6. HP: 61/61 MP: 6/6
    86 | D        | Identified the Reference Book on Displaced Envenoming (You found it in the Dungeon)
    89 | D        | Entered arena 3.
    89 | D        | Noticed a toenail golem
    89 | D        | Noticed a toenail golem
    89 | D        | Noticed a toenail golem
    89 | D        | Found a transporter.
    93 | D        | Killed a toenail golem
    93 | D        | Reached *** piety under Okawaru
    93 | D        | Reached skill level 11 in Axes
    93 | D        | Reached XP level 7. HP: 62/70 MP: 6/9
    94 | D        | Killed a toenail golem
    94 | D        | Reached skill level 12 in Axes
    94 | D        | Reached skill level 5 in Invocations
    95 | D        | Killed a toenail golem
    95 | D        | Reached skill level 10 in Fighting
    95 | D        | Reached skill level 13 in Axes
    95 | D        | Reached XP level 8. HP: 69/79 MP: 6/12
   145 | D        | Entered arena 4.
   145 | D        | Noticed a yak
   145 | D        | Noticed a yak
   145 | D        | Found a transporter.
   150 | D        | Killed a yak
   150 | D        | Reached **** piety under Okawaru
   150 | D        | Received a gift from Okawaru
   150 | D        | Reached skill level 1 in Shields
   152 | D        | Killed a yak
   164 | D        | Identified the Papyrus of the Compass and Dark Secrets (You found it in the Dungeon)
   166 | D        | Entered arena 5.
   166 | D        | Found a transporter.
   176 | D        | Got the ring "Faicaemn" {rPois rF+ EV+1}
   180 | D        | Entered arena 6.
   180 | D        | Noticed a yak
   180 | D        | Found a transporter.
   182 | D        | Reached skill level 14 in Axes
   183 | D        | Killed a yak
   183 | D        | Reached XP level 9. HP: 82/86 MP: 14/14
   244 | D        | Got the +2 pair of boots of Buraup {MP+9 Str+2}
   301 | D        | Entered arena 7.
   301 | D        | Noticed a black mamba
   301 | D        | Noticed a naga mage
   302 | D        | Found the +0 Maxwell's etheric cage {RegenMP+ *Contam rElec MP+4}
   302 | D        | Found a transporter.
   307 | D        | Killed a black mamba
   310 | D        | Killed a naga mage
   310 | D        | Reached ***** piety under Okawaru
   310 | D        | Reached skill level 15 in Axes
   319 | D        | Entered arena 8.
   319 | D        | Noticed a wolf spider
   319 | D        | Noticed a jumping spider
   320 | D        | Found a transporter.
   323 | D        | Reached skill level 10 in Armour
   323 | D        | Killed a jumping spider
   323 | D        | Reached skill level 5 in Shields
   325 | D        | Killed a wolf spider
   328 | D        | Reached XP level 10. HP: 92/97 MP: 17/17
   341 | D        | Got a pitted glass ring
   342 | D        | Identified the ring of Zoyma {Wiz rF+ Int+2 Slay+3 Stlth+} (You acquired it in the Dungeon)
   368 | D        | Entered arena 9.
   368 | D        | Noticed a tentacled starspawn
   371 | D        | Found a transporter.
   373 | D        | Received a gift from Okawaru
   374 | D        | Reached skill level 16 in Axes
   378 | D        | Killed a tentacled starspawn
   378 | D        | Reached skill level 17 in Axes
   378 | D        | Reached skill level 10 in Invocations
   399 | D        | Entered arena 10.
   399 | D        | Noticed a spiny frog
   400 | D        | Found a transporter.
   405 | D        | Killed a spiny frog
   427 | D        | Got the amulet "Zoqorgh Buoje" {Inacc rElec MR+ Str+3}
   463 | D        | Entered arena 11.
   463 | D        | Noticed a hell hog
   463 | D        | Noticed a hell hog
   466 | D        | Found a transporter.
   468 | D        | Killed a hell hog
   468 | D        | Reached XP level 11. HP: 98/107 MP: 19/19
   471 | D        | Killed a hell hog
   472 | D        | Reached skill level 18 in Axes
   544 | D        | Entered arena 12.
   544 | D        | Noticed a deep elf annihilator
   544 | D        | Noticed a deep elf mage
   544 | D        | Noticed a mace of crushing
   544 | D        | Noticed a deep elf archer
   544 | D        | Noticed a deep elf sorcerer
   545 | D        | Found the +5 pair of quick blades "Gyre" and "Gimble" {pierce, Dex-3}
   545 | D        | Found the +10 Black Knight's horse barding {ponderous, rPois rN+}
   545 | D        | Noticed a deep elf archer
   545 | D        | Noticed a deep elf mage
   545 | D        | Noticed a vampiric trident
   545 | D        | Noticed an orc sorcerer
   545 | D        | Noticed a deep elf high priest
   550 | D        | Killed a mace of crushing
   551 | D        | Found a transporter.
   552 | D        | Killed a deep elf sorcerer
   552 | D        | Received a gift from Okawaru
   552 | D        | Reached skill level 10 in Dodging
   554 | D        | Killed a deep elf mage
   556 | D        | Killed a deep elf annihilator
   557 | D        | Killed a vampiric trident
   558 | D        | Killed a deep elf high priest
   558 | D        | Reached ****** piety under Okawaru
   558 | D        | Reached skill level 10 in Shields
   558 | D        | Killed a deep elf mage
   563 | D        | Killed a deep elf archer
   563 | D        | Received a gift from Okawaru
   566 | D        | Killed an orc sorcerer
   571 | D        | Killed a deep elf archer
   780 | D        | Entered arena 13.
   786 | D        | Found the +8 trident of the Octopus King {venom, rElec rPois MR+}
   787 | D        | Found a transporter.
   790 | D        | Reached XP level 12. HP: 118/118 MP: 22/22
   807 | D        | Got the ring of Quwoab {MR+ Str-3 Dex+3 SInv}
   814 | D        | Entered arena 14.
   814 | D        | Noticed a vampire knight
   814 | D        | Noticed a vampire mage
   818 | D        | Killed a vampire mage
   818 | D        | Reached skill level 15 in Fighting
   824 | D        | Killed a vampire knight
   825 | D        | Noticed a lich
   827 | D        | Found a transporter.
   839 | D        | Killed a lich
   839 | D        | Reached skill level 15 in Invocations
   847 | D        | Got the ring of Tender Moments {+Inv rElec MR+ Str+4 Dex-3}
   875 | D        | Entered arena 15.
   878 | D        | Noticed a naga warrior
   888 | D        | Killed a naga warrior
   893 | D        | Found a transporter.
  1107 | D        | Entered arena 16.
  1108 | D        | Noticed a reaper
  1111 | D        | Noticed a reaper
  1122 | D        | Found a transporter.
  1127 | D        | Received a gift from Okawaru
  1127 | D        | Reached skill level 15 in Armour
  1128 | D        | Killed a reaper
  1136 | D        | Reached XP level 13. HP: 41/130 MP: 24/24
  1144 | D        | Killed a reaper
  1159 | D        | Identified a +2 pair of boots of running (Okawaru gifted it to you in the Dungeon)
  1461 | D        | Entered arena 17.
  1466 | D        | Noticed Jotrushra the pandemonium lord
  1466 | D        | Noticed Zicir the pandemonium lord
  1466 | D        | Noticed Plog the pandemonium lord
  1466 | D        | Noticed a Hell Sentinel
  1467 | D        | Noticed Yddocoik the pandemonium lord
  1467 | D        | Noticed a blizzard demon
  1467 | D        | Noticed a cacodemon
  1467 | D        | Noticed an Executioner
  1468 | D        | Found the ring of Shadows {Umbra +Inv Stlth+}
  1468 | D        | Found the +9 scales of the Dragon King {rPois rF+ rC+ MR+}
  1469 | D        | Found a transporter.
  1471 | D        | HP: 3/132 [Zicir the pandemonium lord (20)]
  1474 | D        | Paralysed by Plog for 2 turns
  1476 | D        | HP: 2/132 [Plog the pandemonium lord (7)]
  1476 | D        | Killed from afar by a ynoxinul

Skill      XL: |  1  2  3  4  5  6  7  8  9 10 11 12 13 |
---------------+----------------------------------------+-----
Fighting       | 5 6 8 9 10 11 13 14 16 17 | 17.2
Axes           | 7 8 10 11 13 14 15 17 18 | 18.0
Armour         | 3 4 6 7 8 9 10 11 13 15 | 15.6
Dodging        | 3 4 5 6 7 8 9 10 12 | 12.7
Invocations    | 3 6 7 9 11 13 15 | 15.0
Shields        | 3 5 8 10 13 | 13.7
Stealth        | |  1.5

Action                   |  1- 3 |  4- 6 |  7- 9 | 10-12 | 13-15 || total
-------------------------+-------+-------+-------+-------+-------++-------
Melee: Broad axe         |     1 |     5 |    26 |   105 |    12 ||   149
Invok: Heroism           |       |       |     1 |     7 |     1 ||     9
       Finesse           |       |       |       |     6 |     1 ||     7
  Use: Potion            |     1 |       |       |     1 |     1 ||     3
       Scroll            |       |       |       |     2 |       ||     2
 Stab: Distracted        |       |       |       |     1 |       ||     1
  Eat: Ration            |       |       |       |     1 |       ||     1
Armor: Gold dragon scale |       |     1 |    13 |    32 |    10 ||    56
Dodge: Dodged            |       |     1 |    12 |    26 |     3 ||    42
Block: Shield            |       |     3 |    16 |    63 |     5 ||    87
